AoeStats
← Ragekablak

Arabian Desert

509672425Analyzed
1v1 RM · 6d ago on Sep 27, 2026· 46m 57s· 2 players
Game mode
Random Map
Map size
Tiny (2 player)
Population
200
Speed
Normal
Resources
Standard
Victory
Conquest
Starting age
Dark Age
Ending age
Imperial Age
RankedLock teamsTeams togetherTeam positionsShared explorationLock speedFull tech treeHidden civsTurbo modeCheats
Victory
Defeat
🇳🇱 Franks · Netherlands
524
+14
🇫🇷 Chinese · France
482
-14
Ragekablak
0:39 Loom
12:29 Feudal Age
13:49 Double-Bit Axe
14:37 Horse Collar
20:35 Man-at-Arms
27:22 Castle Age
25:17 Stone Mining
26:59 Scale Mail Armor
27:00 Gold Mining
28:38 Bow Saw
28:31 Heavy Plow
27:57 Long Swordsman
29:07 Squires
32:05 Wheelbarrow
32:19 Husbandry
32:36 Bloodlines
34:05 Hand Cart
37:50 Imperial Age
38:21 Murder Holes
39:28 Stone Shaft Mining
39:29 Gold Shaft Mining
39:59 Two-Man Saw
39:10 Pikeman
41:10 Chemistry
41:05 Conscription
40:17 Halberdier
41:27 Forging
41:23 Scale Barding Armor
41:34 Chain Mail Armor
41:15 Cavalier
43:52 Elite Chu Ko Nu
45:47 Chain Barding Armor
45:58 Plate Mail Armor
46:03 Iron Casting
45:46 Masonry
45:58 Ballistics
Testudo
12:58 Feudal Age
16:38 Stone Mining
16:39 Gold Mining
24:49 Castle Age
30:40 Double-Bit Axe
31:08 Husbandry
31:13 Squires
32:35 Murder Holes
32:51 Fortified Wall
35:58 Gold Shaft Mining
35:42 Forging
35:24 Fletching
37:00 Loom
40:16 Imperial Age
38:24 Wheelbarrow
38:37 Wheelbarrow
40:19 Iron Casting
39:40 Bodkin Arrow
39:51 Scale Barding Armor
41:39 Conscription
42:25 Chemistry
42:06 Ballistics
42:52 Cavalier
45:21 Elite Skirmisher
Connection lost

Rejoining the realm…

Still unreachable

The connection could not be restored.

Session expired

The server has moved on; the page needs a fresh start.